 Dungeon Crawl Stone Soup version 0.21-a0-414-gba8bdf1 (webtiles) character file.

107403 karf the Warrior (level 17, -3/148 HPs)
             Began as a Formicid Fighter on Nov 3, 2017.
             Was a High Priest of Ru.
             Slain by the 27-headed Lernaean hydra (10 damage)
             ... on level 2 of the Swamp.
             The game lasted 01:35:30 (27191 turns).

karf the Warrior (Formicid Fighter)                Turns: 27191, Time: 01:35:31

Health: -3/148     AC: 28    Str: 28    XL:     17   Next: 1%
Magic:  13/17      EV: 13    Int:  7    God:    Ru [*****.]
Gold:   1983       SH: 13    Dex: 19    Spells: 16/16 levels left

rFire    + + +     SeeInvis +   N - +4 morningstar of Broken Luck {venom, rElec rPois rC- rN+++}
rCold    + . .     Gourm    .   c - +0 shield
rNeg     + + +     Faith    .   B - +0 plate armour {rF+}
rPois    +         Spirit   .   (helmet unavailable)
rElec    +         Reflect  .   E - +2 cloak {rC+}
rCorr    +         Harm     .   w - +2 pair of gloves
MR       +....                  Z - +2 pair of boots {Fly}
Stlth    ..........             (no amulet)
HPRegen  0.34/turn              l - ring of resist corrosion
MPRegen  0.15/turn              a - ring of protection from fire

@: mighty, agile, exhausted, resistant, no potions, flying
A: permanent stasis, dig shafts and tunnels, four strong arms, antennae 3, dopey
1, inability to drink while threatened, no stealth, hated by all, no
conjurations magic, no earth magic, no hexes magic
a: Dig, Shaft Self, Draw Out Power, Power Leap, Apocalypse, Renounce Religion,
Stop Flying


You were on level 2 of the Swamp.
You worshipped Ru.
Ru was extremely pleased with you.
You were not hungry.

You visited 5 branches of the dungeon, and saw 24 of its levels.
You also visited: Labyrinth and Ice Cave.

You collected 2226 gold pieces.
You spent 243 gold pieces at shops.

Inventory:

Hand Weapons
 j - a +2 whip of flaming
 y - a +1 dire flail of pain
 N - the +4 morningstar of Broken Luck (weapon) {venom, rElec rPois rC- rN+++}
   (You bought it in a shop on level 6 of the Dungeon)

   It poisons the flesh of those it strikes.
   It makes you vulnerable to cold.
   It insulates you from electricity.
   It protects you from poison.
   It renders you almost immune to negative energy.
Missiles
 i - 8 tomahawks of dispersal (quivered)
Armour
 c - a +0 shield (worn)
 w - a +2 pair of gloves (worn)
 B - a +0 plate armour of fire resistance (worn)
 E - a +2 cloak of cold resistance (worn)
 I - the +4 pair of boots of the Will of the Gods {Dex+3}
   (You found it on level 4 of the Dungeon)

   It affects your dexterity (+3).
 Z - a +2 pair of boots of flying (worn)
Jewellery
 a - a ring of protection from fire (right hand)
 l - a ring of resist corrosion (left hand)
 J - an uncursed ring of ice
Wands
 k - a wand of lightning (6/15)
 C - a wand of acid (13/15)
Scrolls
 o - 4 scrolls of immolation
 q - 7 scrolls of magic mapping
 r - 3 scrolls of fog
 v - 12 scrolls of remove curse
 A - 2 scrolls of identify
 D - 2 scrolls of enchant weapon
 F - a scroll of recharging
 K - a scroll of brand weapon
 L - a scroll of enchant armour
 W - 3 scrolls of acquirement
Potions
 b - 5 potions of lignification
 d - a potion of might
 h - a potion of experience
 m - 3 potions of brilliance
 s - 11 potions of curing
 u - 3 potions of heal wounds
 H - a potion of ambrosia
 Q - 2 potions of cancellation
 T - a potion of degeneration
Books
 e - a book of Enchantments

   Spells                             Type                      Level
   a - Cause Fear                     Hexes                        4
   b - Yara's Violent Unravelling     Hexes/Transmutation          5
   c - Silence                        Hexes/Air                    5
   d - Deflect Missiles               Charms/Air                   6
   e - Discord                        Hexes                        8
Comestibles
 f - 12 bread rations
 g - 18 royal jellies
 t - 26 fruits
 x - 10 meat rations


   Skills:
 + Level 17.5 Fighting
 + Level 16.2 Maces & Flails
 + Level 16.3 Armour
 + Level 9.6 Shields


You had 16 spell levels left.
You didn't know any spells.

Dungeon Overview and Level Annotations

Branches:
Dungeon (11/15)            Temple (1/1) D:4            Lair (6/6) D:8
  Swamp (4/4) Lair:2        Snake (0/4) Lair:2        Slime (0/5) Lair:5
    Orc (2/2) D:10            Elf (0/3) Orc:2

Altars:
Ashenzari
Cheibriados
Dithmenos
Elyvilon
Fedhas
Gozag
Hepliaklqana
Kikubaaqudgha
Makhleb
Nemelex Xobeh
Okawaru
Qazlal
Ru
Sif Muna
Trog
Uskayaw
Vehumet
Wu Jian
Xom
Yredelemnul
Zin
The Shining One
Beogh

Shops:
D:4 *   D:6 ((   D:11 (   Orc:2 :*[(

Annotations:
D:7 exclusion: downstairs
Swamp:2 Lernaean hydra


Innate Abilities, Weirdness & Mutations

You cannot be hasted, slowed, berserked, paralysed or teleported.
You can dig through walls and to a lower floor.
Your four strong arms can wield two-handed weapons with a shield.
You have a pair of large antennae on your head. (SInv)
You are dopey. (Int -2)
You cannot drink potions while threatened.
You cannot be stealthy.
You are hated by all.
You cannot study or cast Conjurations magic.
You cannot study or cast Earth magic.
You cannot study or cast Hexes magic.


Message History

The 27-headed Lernaean hydra bites you but does no damage. x2
You block the 27-headed Lernaean hydra's attack.
The 27-headed Lernaean hydra bites you but does no damage.
The 27-headed Lernaean hydra barely misses you.
You block the 27-headed Lernaean hydra's attack.
The 27-headed Lernaean hydra barely misses you.
The 27-headed Lernaean hydra bites you but does no damage. x2
The 27-headed Lernaean hydra closely misses you.
The 27-headed Lernaean hydra bites you!
* * * LOW HITPOINT WARNING * * *
The 27-headed Lernaean hydra bites you!
* * * LOW HITPOINT WARNING * * *
You block the 27-headed Lernaean hydra's attack.
The 27-headed Lernaean hydra bites you but does no damage.
The 27-headed Lernaean hydra barely misses you.
The 27-headed Lernaean hydra bites you but does no damage. x5
The 27-headed Lernaean hydra misses you.
The 27-headed Lernaean hydra bites you but does no damage.
The 27-headed Lernaean hydra bites you!
You die...

...≈≈≈≈♣
♣♣≈...≈≈≈....≈♣
♣≈....≈♣♣♣
♣♣...≈≈....≈♣♣
≈♣♣...♣≈≈♣♣♣
♣♣.≈≈≈≈..>≈.♣
.≈♣.≈.≈♣...♣
♣.≈≈≈≈..≈≈≈♣
≈.♣♣.≈♣♣.≈.♣
♣≈.≈≈≈≈≈≈≈.♣
..♣♣♣♣♣♣≈..♣
♣♣§....≈≈≈≈.♣ ≈♣♣
♣≈..♣ ♣♣.≈≈>......§♣
♣♣
♣≈♣♣♣♣♣♣.≈≈..♣≈....♣♣
♣♣♣ ♣.≈≈@D.♣♣.≈≈≈.♣
♣≈≈≈..≈≈≈.≈≈≈.♣ ♣♣
♣≈≈≈≈(♣♣.≈≈≈≈.♣ .♣
♣♣≈≈≈.♣♣≈≈≈.≈♣♣ ≈♣♣♣
♣.≈≈≈♣♣.....♣ ≈..♣
♣...♣♣♣♣.≈≈.♣ ≈..♣
♣♣♣♣♣ ♣...≈♣ ♣♣♣♣
♣♣♣♣♣♣ ♣


You could see the 27-headed Lernaean hydra.

Vanquished Creatures
  Kirke (Swamp:3)
  A thorn hunter (Swamp:3)
  2 orc warlords (Orc:1)
  A stone giant (Orc:2)
  A dire elephant (Lair:6)
  A minotaur (Lab)
  A blizzard demon (IceCv)
  A fire dragon (Lair:6)
  A ghost crab (Swamp:3)
  A catoblepas (Lair:6)
  21 hydras
  7 alligators
  3 two-headed ogres
  3 orc high priests (Orc:2)
  6 death yaks
  2 spriggans
  An unseen horror (D:11)
  6 shambling mangroves
  3 spriggan druids
  7 swamp dragons
  6 orc sorcerers
  6 orc knights
  6 ugly things
  Maurice (D:8)
  2 guardian serpents (D:9)
  4 elephants
  2 ice statues (IceCv)
  12 spiny frogs
  4 black mambas
  7 rime drakes
  13 ice devils (IceCv)
  6 komodo dragons
  3 trolls
  The ghost of graki42 the Magician, a novice DEFE (D:4)
  10 polar bears
  14 hornets
  10 tyrant leeches
  9 slime creatures
  14 blink frogs
  A raiju (Lair:6)
  A dream sheep (Lair:6)
  4 bog bodies
  A hippogriff (Lair:3)
  24 yaks
  3 shadows
  2 humans (Swamp:3)
  2 wyverns
  A steam dragon (Lair:6)
  2 hogs (Swamp:3)
  16 vampire mosquitoes
  5 basilisks
  6 nagas (Lair:2)
  12 wargs
  15 insubstantial wisps
  17 swamp worms
  15 water moccasins
  2 soldier ants (D:8)
  3 acid dragons (Lair:6)
  14 hell hounds (Lair:6)
  4 porcupines
  34 orc warriors
  12 swamp drakes
  12 black bears
  17 wolves
  A phantom (D:6)
  3 ice beasts
  A necrophage (D:8)
  3 sky beasts
  3 ogres
  2 centaurs
  2 big kobolds
  15 crocodiles
  14 bullfrogs
  A water moccasin zombie (D:7)
  2 scorpions
  2 howler monkeys
  3 wights (D:8)
  5 crimson imps
  7 hounds
  A bullfrog zombie (D:5)
  14 jellies
  A centaur zombie (D:10)
  6 orc priests
  2 bullfrog skeletons
  22 orc wizards
  2 iguanas (Lair:6)
  9 worker ants
  2 hound skeletons (D:5)
  A howler monkey zombie (D:8)
  3 gnolls (D:4)
  3 howler monkey skeletons
  11 adders
  3 shadow imps
  11 white imps (IceCv)
  4 ufetubi (IceCv)
  2 oozes
  An adder skeleton (D:7)
  A worm (D:8)
  2 dart slugs (D:1)
  9 leopard geckos
  53 orcs
  8 bats
  6 giant cockroaches
  6 hobgoblins
  9 jackals
  17 kobolds
  2 quokkas
  4 frilled lizards
  6 goblins
  A jackal skeleton (D:5)
  A jackal zombie (D:8)
  A quokka zombie (D:6)
  5 rats
  A plant (Lair:6)
719 creatures vanquished.

Vanquished Creatures (others)
  2 spriggan druids
  A spiny frog (Lair:4)
  A komodo dragon (Lair:1)
  An orc warrior (Orc:1)
  A white imp (IceCv)
  2 ufetubi (IceCv)
  An orc (D:9)
  A giant cockroach (D:6)
  2 briar patches (Swamp:4)
  2 fungi
  14 plants
28 creatures vanquished.

Grand Total: 747 creatures vanquished

Notes
Turn   | Place    | Note
-------+----------+-------------------------------------------
     0 | D:1      | karf the Formicid Fighter began the quest for the Orb.
     0 | D:1      | Reached XP level 1. HP: 18/18 MP: 1/1
    56 | D:1      | Reached XP level 2. HP: 22/24 MP: 2/2
   736 | D:2      | Reached XP level 3. HP: 30/30 MP: 3/3
  1039 | D:2      | Reached skill level 4 in Fighting
  1039 | D:2      | Reached XP level 4. HP: 9/37 MP: 4/4
  1860 | D:3      | Found a faded altar of an unknown god.
  2071 | D:3      | Found a hide-covered altar of Uskayaw.
  2108 | D:3      | Reached XP level 5. HP: 42/42 MP: 5/5
  2480 | D:3      | You fall through a shaft for 3 floors!
  2533 | D:6      | Reached skill level 5 in Shields
  2659 | D:5      | Entered Level 5 of the Dungeon
  2669 | D:5      | Reached XP level 6. HP: 38/49 MP: 6/6
  3122 | D:5      | Reached skill level 5 in Fighting
  3232 | D:4      | Found a staircase to the Ecumenical Temple.
  3273 | D:4      | Reached XP level 7. HP: 53/56 MP: 7/7
  3285 | Temple   | Entered the Ecumenical Temple
  3313 | Temple   | Became a worshipper of Ru the Awakened
  3754 | D:4      | Noticed graki42's ghost (novice DEFE)
  3782 | D:4      | Killed graki42's ghost
  3782 | D:4      | Reached skill level 6 in Fighting
  3782 | D:4      | Reached skill level 5 in Maces & Flails
  3792 | D:4      | Reached XP level 8. HP: 49/64 MP: 8/8
  3911 | D:4      | Got a pair of steaming boots
  3917 | D:4      | Identified the +4 pair of boots of the Will of the Gods {Dex+3} (You found it on level 4 of the Dungeon)
  4262 | D:4      | Found Xuhof's Assorted Antiques.
  4319 | D:4      | Found an iron altar of Okawaru.
  4319 | D:4      | Found a faded altar of an unknown god.
  4325 | D:4      | Found a shimmering altar of Xom.
  4327 | D:4      | Found a faded altar of an unknown god.
  4329 | D:4      | Found a radiant altar of Vehumet.
  4748 | D:5      | Gained mutation: You cannot study or cast Earth magic. [Ru sacrifice]
  4748 | D:5      | Gained mutation: You cannot study or cast Hexes magic. [Ru sacrifice]
  4748 | D:5      | Gained mutation: You cannot study or cast Conjurations magic. [Ru sacrifice]
  4748 | D:5      | Reached * piety under Ru
  4758 | D:5      | Found a burning altar of Makhleb.
  4983 | D:5      | Reached skill level 7 in Fighting
  5349 | D:6      | Found Nenkasabb's Antique Weapon Boutique.
  5391 | D:6      | Reached XP level 9. HP: 72/72 MP: 9/9
  5396 | D:6      | Bought a faintly glowing morningstar for 243 gold pieces
  5396 | D:6      | Identified the +4 morningstar of Broken Luck {venom, rElec rPois rC- rN+++} (You bought it in a shop on level 6 of the Dungeon)
  5587 | D:6      | Found Wuekuizu's Antique Weapon Shoppe.
  5856 | D:7      | Reached skill level 8 in Fighting
  6228 | D:7      | Found a glowing golden altar of the Shining One.
  6652 | D:8      | Noticed a two-headed ogre
  6737 | D:8      | Noticed Maurice
  6740 | D:8      | Noticed a two-headed ogre
  6748 | D:8      | Killed Maurice
  6749 | D:8      | Killed a two-headed ogre
  6749 | D:8      | Reached skill level 9 in Fighting
  6749 | D:8      | Reached skill level 5 in Armour
  6749 | D:8      | Reached XP level 10. HP: 59/83 MP: 10/10
  6837 | D:8      | Killed a two-headed ogre
  6973 | D:8      | Gained mutation: You are hated by all. [Ru sacrifice]
  6973 | D:8      | Reached ** piety under Ru
  7031 | D:8      | Found a staircase to the Lair.
  7031 | D:8      | Noticed an elephant
  7031 | D:8      | Noticed a death yak
  7053 | D:8      | Killed an elephant
  7053 | D:8      | Reached skill level 10 in Fighting
  7059 | D:8      | Killed a death yak
  7404 | D:8      | Reached XP level 11. HP: 90/92 MP: 11/11
  8445 | D:9      | Noticed a brown ugly thing
  8455 | D:9      | Killed a brown ugly thing
  8587 | D:9      | Found an ornate altar of the Wu Jian Council.
  8588 | D:9      | Found a shadowy altar of Dithmenos.
  8633 | D:9      | Reached skill level 11 in Fighting
  8633 | D:9      | Reached skill level 10 in Maces & Flails
  8784 | D:9      | Found a shattered altar of Ashenzari.
  8792 | D:9      | Found a basalt altar of Yredelemnul.
  8852 | D:9      | Found a deep blue altar of Sif Muna.
  8998 | D:10     | Entered Level 10 of the Dungeon
  9026 | D:10     | Noticed a two-headed ogre
  9043 | D:10     | Killed a two-headed ogre
  9283 | D:10     | Found a staircase to the Orcish Mines.
  9817 | D:11     | Noticed an unseen horror
  9820 | D:11     | Killed an unseen horror
  9927 | D:11     | Reached XP level 12. HP: 102/102 MP: 12/12
 10068 | D:11     | Found Zeim's Weapon Boutique.
 10447 | Lair:1   | Entered Level 1 of the Lair of Beasts
 10469 | Lair:1   | Reached skill level 12 in Fighting
 10696 | Lair:1   | Reached skill level 10 in Armour
 11560 | Lair:2   | Found a staircase to the Swamp.
 11786 | Lair:2   | Found a staircase to the Snake Pit.
 11985 | Lair:3   | Noticed a five-headed hydra
 12052 | Lair:3   | Reached skill level 13 in Fighting
 12057 | Lair:3   | Killed a five-headed hydra
 12057 | Lair:3   | Reached XP level 13. HP: 79/111 MP: 13/13
 12130 | Lair:3   | Noticed a six-headed hydra
 12139 | Lair:3   | Killed a six-headed hydra
 13356 | Lair:4   | Gained mutation: You cannot be stealthy. [Ru sacrifice]
 13356 | Lair:4   | Reached *** piety under Ru
 13471 | Lair:4   | Noticed a four-headed hydra
 13480 | Lair:4   | Killed a four-headed hydra
 14164 | Lair:5   | Noticed an eight-headed hydra
 14172 | Lair:5   | Killed an eight-headed hydra
 14461 | Lair:5   | Reached skill level 14 in Fighting
 14686 | Lair:5   | Found a staircase to the Slime Pits.
 15197 | Lair:6   | Entered Level 6 of the Lair of Beasts
 15205 | Lair:6   | Noticed a five-headed hydra
 15213 | Lair:6   | Killed a five-headed hydra
 15239 | Lair:6   | Found a labyrinth entrance.
 15248 | Lab      | Entered a labyrinth
 15341 | Lab      | Gained mutation: You cannot drink potions while threatened. [Ru sacrifice]
 15341 | Lab      | Reached **** piety under Ru
 15505 | Lab      | Noticed a minotaur
 15517 | Lab      | Killed a minotaur
 15519 | Lab      | Got a transparent shortbow {speed}
 15535 | Lab      | Identified the cursed +0 shortbow of Cofog {speed, *Slow Int+7} (You took it off a minotaur in a labyrinth)
 15638 | Lair:6   | Reached XP level 14. HP: 72/121 MP: 14/14
 16565 | Lair:6   | Noticed a dire elephant
 16593 | Lair:6   | Killed a dire elephant
 17165 | Lair:6   | Reached skill level 15 in Fighting
 17982 | Orc:1    | Entered Level 1 of the Orcish Mines
 18040 | Orc:1    | Gained mutation: You are dopey. (Int -2) [Ru sacrifice]
 18040 | Orc:1    | Reached ***** piety under Ru
 18142 | Orc:2    | Entered Level 2 of the Orcish Mines
 18227 | Orc:2    | Found Juvvobeg's Antique Armour Boutique.
 18238 | Orc:2    | Noticed an orc warlord
 18578 | Orc:1    | Killed an orc warlord
 18578 | Orc:1    | Reached XP level 15. HP: 109/129 MP: 15/15
 18745 | Orc:2    | Found a staircase to the Elven Halls.
 18757 | Orc:2    | Found Gaofreis's General Store.
 18891 | Orc:2    | Found a roughly hewn altar of Beogh.
 18903 | Orc:2    | Noticed a stone giant
 18914 | Orc:2    | Killed a stone giant
 18949 | Orc:2    | Found Fothrenk's Book Shoppe.
 19398 | Orc:2    | Found Ebohemm's Antique Weapon Shoppe.
 20197 | Orc:1    | Noticed an orc warlord
 20229 | Orc:1    | Killed an orc warlord
 20229 | Orc:1    | Reached skill level 16 in Fighting
 20497 | Swamp:1  | Entered Level 1 of the Swamp
 21289 | Swamp:1  | Reached skill level 15 in Maces & Flails
 21403 | Swamp:1  | Reached skill level 15 in Armour
 22566 | Swamp:2  | Reached XP level 16. HP: 126/139 MP: 16/16
 22861 | Swamp:2  | Found a frozen archway.
 22870 | IceCv    | Entered an ice cave
 24727 | Swamp:3  | Reached skill level 17 in Fighting
 26086 | Swamp:3  | Noticed Kirke
 26094 | Swamp:3  | Killed Kirke
 26148 | Swamp:3  | Identified 3 scrolls of acquirement
 26438 | Swamp:4  | Entered Level 4 of the Swamp
 26438 | Swamp:4  | Noticed a thorn hunter
 26465 | Swamp:3  | Killed a thorn hunter
 26999 | Swamp:4  | Noticed a thorn hunter
 27002 | Swamp:4  | Reached XP level 17. HP: 120/148 MP: 17/17
 27003 | Swamp:4  | Noticed the 27-headed Lernaean hydra
 27191 | Swamp:2  | HP: 7/148 [the 27-headed Lernaean hydra (11)]
 27191 | Swamp:2  | Slain by the 27-headed Lernaean hydra

Vault maps used:
D:1:      lightli_arrival_chessboard
D:2:      cheibrodos_helix_gallery
D:3:      minmay_diamond_boxcup, lemuel_doored_altar, first_bread,
          chequers_ecumenical_altar_twisty
D:4:      chequers_temple_overflow_minitemple, temple_pool_b, serial_shops,
          nicolae_shop_overgrown_old_shop
D:5:      minivault_23, bloody_makhleb
D:6:      serial_shops, nicolae_shop_overgrown_old_shop, kennysheep_mini_moat,
          minmay_holes
D:7:      tso_oasis_becter
D:8:      david_lair_generic, hangedman_pestilent_swarm, uniq_maurice
D:9:      nrook_guardian_serpent_snake_passage,
          chequers_temple_overflow_statue_of_worship, kennysheep_mini,
          gammafunk_temple_overflow_statue
D:10:     minmay_orc_entry_guard_dogs, nrook_mini_vaults,
          minmay_stone_trees_large
D:11:     serial_shops, kennysheep_little_box, st_stairs_14,
          grunt_ministairs_15, small_statue_alley_a
Temple:   minmay_temple_bridge_abc
Lair:1:   minivault_19
Lair:2:   swamp_mist, minmay_snake_entry_guardpost_medium, lemuel_fruit_fields,
          grunt_megastairs_1
Lair:3:   eino_small_chamber_without_monster, infiniplex_staircase_pool_2
Lair:4:   serial_bayou_shore_a
Lair:5:   statuecave_lemuel, minmay_slime_entry_jelly_boxes,
          infiniplex_staircase_pool
Lair:6:   guppyfry_lair_end_dragon, hangedman_lair_caniforms_friends,
          lab_entry_generic, lemuel_fruit_fields
Swamp:1:  serial_swamp_ruin, evilmike_swamp_ruin_house_1,
          evilmike_swamp_ruin_house_4
Swamp:2:  portal_ice_cave_entry_pillars_three, evilmike_swamp_ruin_rubble_2,
          swamp_pool1
Swamp:3:  nicolae_swamp_little_tower, swamp_pool1, uniq_kirke
Swamp:4:  swamp_alternative
Orc:2:    grunt_orc_gardens, grunt_orc_garden, grunt_orc_garden,
          grunt_orc_garden, grunt_orc_garden, bh_open_orc_temple
Lab:      nicolae_lab_dead_adventurers, nicolae_lab_very_dead_end
IceCv:    ice_cave_small_demon

Skill      XL: |  1  2  3  4  5  6  7  8  9 10 11 12 13 14 15 16 |
---------------+-------------------------------------------------+-----
Shields        | 4 5 6 8 9 |  9.6
Fighting       | 4 5 6 7 9 10 11 13 14 15 16 17 | 17.5
Maces & Flails | 3 4 5 6 8 9 10 11 13 14 15 16 | 16.2
Armour         | 5 7 9 11 12 14 15 16 | 16.3

Action                   |  1- 3 |  4- 6 |  7- 9 | 10-12 | 13-15 | 16-18 || total
-------------------------+-------+-------+-------+-------+-------+-------++-------
Melee: Flail             |    77 |     9 |       |       |       |       ||    86
       Whip              |       |   140 |   204 |       |       |       ||   344
       Morningstar       |       |       |   102 |   448 |  1163 |   510 ||  2223
       Dire flail        |       |       |       |    10 |       |   190 ||   200
Invok: Sacrifice Arcana  |       |       |     1 |       |       |       ||     1
       Sacrifice Love    |       |       |       |     1 |       |       ||     1
       Reject Sacrifices |       |       |       |     1 |     1 |       ||     2
       Sacrifice Drink   |       |       |       |       |     1 |       ||     1
       Sacrifice Stealth |       |       |       |       |     1 |       ||     1
       Power Leap        |       |       |       |       |     1 |     1 ||     2
       Sacrifice Purity  |       |       |       |       |     1 |       ||     1
 Abil: Dig               |       |       |     2 |     1 |       |     2 ||     5
Evoke: Wand              |       |       |     1 |       |       |       ||     1
  Use: Scroll            |       |       |    14 |    10 |     5 |     6 ||    35
       Potion            |       |       |     1 |       |     3 |     5 ||     9
 Stab: Distracted        |       |       |       |     1 |     7 |     1 ||     9
       Invisible         |       |       |       |     1 |     9 |     2 ||    12
       Confused          |       |       |       |       |       |     3 ||     3
  Eat: Chunk             |       |     7 |    11 |    14 |    24 |     4 ||    60
       Meat ration       |       |       |       |     1 |     2 |     3 ||     6
Armor: Scale mail        |    44 |    53 |    52 |       |       |       ||   149
       Plate armour      |       |       |    30 |   184 |   491 |   392 ||  1097
Dodge: Dodged            |    30 |    32 |    45 |   100 |   206 |   167 ||   580
Block: Shield            |    41 |    60 |   120 |   229 |   603 |   324 ||  1377

Table legend:
 A = Spawn XP
 B = Non-spawn XP
 C = Spawn XP percentage of total XP
 D = Spawn monster count
 E = Non-spawn monster count
 F = Spawn count percentage of total count
 G = Total turns spent on level
                    A         B        C        D         E        F      G
               +---------+---------+-------+---------+---------+-------+---------
         Total |       0 |  153434 |   0.0 |       0 |     719 |   0.0 | 27191
               +---------+---------+-------+---------+---------+-------+---------
           D:1 |       0 |      28 |   0.0 |       0 |      13 |   0.0 |   728
           D:2 |       0 |      59 |   0.0 |       0 |      18 |   0.0 |  1050
           D:3 |       0 |      83 |   0.0 |       0 |      20 |   0.0 |   834
           D:4 |       0 |     704 |   0.0 |       0 |      17 |   0.0 |   866
           D:5 |       0 |     854 |   0.0 |       0 |      34 |   0.0 |  1342
           D:6 |       0 |     734 |   0.0 |       0 |      24 |   0.0 |   759
           D:7 |       0 |     838 |   0.0 |       0 |      27 |   0.0 |   923
           D:8 |       0 |    5533 |   0.0 |       0 |      31 |   0.0 |  1285
           D:9 |       0 |    2640 |   0.0 |       0 |      22 |   0.0 |  1152
          D:10 |       0 |    3465 |   0.0 |       0 |      36 |   0.0 |   988
          D:11 |       0 |    2116 |   0.0 |       0 |      13 |   0.0 |   801
        Lair:1 |       0 |    5892 |   0.0 |       0 |      27 |   0.0 |   862
        Lair:2 |       0 |    5546 |   0.0 |       0 |      27 |   0.0 |  1148
        Lair:3 |       0 |    4749 |   0.0 |       0 |      14 |   0.0 |  1060
        Lair:4 |       0 |    5391 |   0.0 |       0 |      24 |   0.0 |  1115
        Lair:5 |       0 |    4565 |   0.0 |       0 |      25 |   0.0 |  1352
        Lair:6 |       0 |   26739 |   0.0 |       0 |      94 |   0.0 |  2004
       Swamp:1 |       0 |   17396 |   0.0 |       0 |      48 |   0.0 |  1665
       Swamp:2 |       0 |    7924 |   0.0 |       0 |      28 |   0.0 |  1577
       Swamp:3 |       0 |   20750 |   0.0 |       0 |      52 |   0.0 |  1877
       Swamp:4 |       0 |   11138 |   0.0 |       0 |      21 |   0.0 |   319
         Orc:1 |       0 |    6415 |   0.0 |       0 |      27 |   0.0 |   874
         Orc:2 |       0 |   12248 |   0.0 |       0 |      45 |   0.0 |  1215
           Lab |       0 |    1105 |   0.0 |       0 |       1 |   0.0 |   322
         IceCv |       0 |    6522 |   0.0 |       0 |      31 |   0.0 |   874
               +---------+---------+-------+---------+---------+-------+---------
